 Dungeon Crawl Stone Soup version 0.29-a0-892-g2c4c91d9db (webtiles) character file.

Game seed: 9969345292033892113

171003 concernfroge the Fighter (level 17, -4/140 HPs)
             Began as a Mummy Monk on July 22, 2022.
             Was an Initiate of Gozag.
             Slain by a salamander
             ... wielding a +0 halberd
              (18 damage)
             ... on level 4 of the Snake Pit on July 23, 2022.
             The game lasted 03:03:47 (42224 turns).

concernfroge the Fighter (Mummy Monk)              Turns: 42224, Time: 03:03:48

Health: -4/140     AC: 21    Str: 22    XL:     17   Next: 38%
Magic:  26/26      EV: 13    Int: 10    God:    Gozag
Gold:   580        SH: 20    Dex: 21    Spells: 12/16 levels left

rFire   + + .      SeeInvis +   G - +8 demon trident (flame)
rCold   + + +      Faith    .   t - +2 shield of Resistance {rF++ rC++ Will++}
rNeg    + + +      Spirit   .   g - +3 scale mail {rC+}
rPois   ∞          Reflect  +   b - +2 hat
rElec   +          Harm     .   z - +0 cloak
rCorr   +          Rampage  .   o - +1 pair of gloves "Xuozaq" {Dex+7}
Will    ++++.                   d - +2 pair of boots
Stlth   +.........              p - amulet of reflection
HPRegen 0.33/turn               i - ring "Xamicsi" {rElec rCorr MP+9}
MPRegen 0.20/turn               a - ring of see invisible

@: mighty, brilliant, resistant, gold aura, hasted, constricted, very quick
A: cold resistance 1, negative energy resistance 3, torment resistance 2, heat
vulnerability 1, in touch with death 2, no potions
a: Renounce Religion, Potion Petition, Call Merchant, Bribe Branch


You were on level 4 of the Snake Pit.
You worshipped Gozag.
Gozag was pleased with you.
You visited 5 branches of the dungeon, and saw 27 of its levels.
You also visited: Ice Cave and Volcano.

You collected 12273 gold pieces.
You spent 1766 gold pieces at shops.
You paid 9927 gold pieces to Gozag.

Inventory:

Hand Weapons
 h - a +0 bardiche
 G - a +8 demon trident of flaming (weapon)
Missiles
 s - 2 throwing nets
Armour
 b - a +2 hat (worn)
 d - a +2 pair of boots (worn)
 g - a +3 scale mail of cold resistance (worn)
 o - the +1 pair of gloves "Xuozaq" (worn) {Dex+7}
   (You acquired it on level 5 of the Dungeon)

   Dex:       It affects your dexterity (+7).
 t - the +2 shield of Resistance (worn) {rF++ rC++ Will++}
   (You acquired it on level 1 of the Lair of Beasts)

   rF:        It greatly protects you from fire.
   rC:        It greatly protects you from cold.
   Will:      It greatly increases your willpower.
 z - a +0 cloak (worn)
Jewellery
 a - a ring of see invisible (right hand)
 e - a ring of protection from fire
 i - the ring "Xamicsi" (left hand) {rElec rCorr MP+9}
   (You bought it in a shop on level 8 of the Dungeon)

   [ring of magical power]

   rElec:     It insulates you from electricity.
   MP:        It affects your magic capacity (+9).
   rCorr:     It protects you from acid and corrosion.
 p - an amulet of reflection (around neck)
 r - a ring of flight
 u - the ring of Hughyusm {rPois rF+ AC+4}
   (You found it on level 7 of the Dungeon)

   [ring of protection]

   AC:        It affects your AC (+4).
   rF:        It protects you from fire.
   rPois:     It protects you from poison.
Wands
 q - a wand of roots (1)
 v - a wand of light (2)
 A - a wand of charming (7)
Scrolls
 c - a scroll of butterflies
 f - 6 scrolls of magic mapping
 k - a scroll of immolation
 l - 3 scrolls of amnesia
 n - a scroll of brand weapon
 w - a scroll of fear
 x - 3 scrolls of vulnerability
 B - a scroll of summoning
 D - 6 scrolls of poison
 E - 4 scrolls of teleportation
Miscellaneous
 j - a lightning rod (4/4)
 m - a phial of floods
 y - a tin of tremorstones (inert)
 C - a piece from Xom's chessboard (15/15)


   Skills:
 + Level 14.5 Fighting
 - Level 14.0 Polearms
 - Level 10.7 Armour
 - Level 10.8 Dodging
 - Level 1.5 Stealth
 - Level 10.8 Shields
 - Level 10.0 Evocations


You had 12 spell levels left.
You knew the following spells:

 Your Spells              Type           Power      Damage    Failure   Level
a - Dispel Undead         Necr           0%         3d6       100%        4

Your spell library contained the following spells:

 Spells                   Type           Power      Damage    Failure   Level
 Foxfire                  Conj/Fire      0%         2x1d4     87%         1
 Freeze                   Ice            0%         1d3       87%         1
 Necrotise                Necr           0%         1d4       87%         1
 Shock                    Conj/Air       0%         1d3       87%         1
 Sting                    Tmut/Pois      0%         1d3       87%         1
 Ensorcelled Hibernation  Hex/Ice        0%         N/A       95%         2
 Passwall                 Tmut/Erth      0%         N/A       95%         2
 Poisonous Vapours        Pois/Air       0%         N/A       95%         2
 Static Discharge         Conj/Air       0%         3-3/arc   95%         2
 Conjure Flame            Conj/Fire      0%         6-21      99%         3
 Frozen Ramparts          Ice            0%         1d2       99%         3
 Gell's Gravitas          Tloc           0%         N/A       99%         3
 Ignite Poison            Fire/Tmut/Pois 0%         N/A       99%         3
 Inner Flame              Hex/Fire       0%         N/A       99%         3
 Lesser Beckoning         Tloc           0%         N/A       99%         3
 Mephitic Cloud           Conj/Pois/Air  0%         N/A       99%         3
 Portal Projectile        Hex/Tloc       0%         N/A       99%         3
 Swiftness                Air            0%         N/A       99%         3
 Teleport Other           Tloc           0%         N/A       99%         3
 Tukima's Dance           Hex            0%         N/A       99%         3
 Vampiric Draining        Necr           0%         2d6       99%         3
 Airstrike                Air            0%         0-1+      100%        4
 Flame Wave               Conj/Fire      0%         2d4       100%        4
 Hailstorm                Conj/Ice       0%         3d3       100%        4
 Olgreb's Toxic Radiance  Pois           0%         N/A       100%        4
 Sticky Flame             Conj/Fire      0%         2d3       100%        4
 Agony                    Necr           0%         N/A       100%        5
 Fireball                 Conj/Fire      0%         3d3       100%        5
 Freezing Cloud           Conj/Ice/Air   0%         6-21      100%        5
 Lightning Bolt           Conj/Air       0%         1d11      100%        5
 Death Channel            Necr           0%         N/A       100%        6
 Dispersal                Tloc           0%         N/A       100%        6
 Starburst                Conj/Fire      0%         6d3       100%        6
 Disjunction              Tloc           0%         N/A       100%        8
 Ignition                 Fire           0%         3d3       100%        8
 Maxwell's Capacitive Co  Air            0%         ∞         100%        8
 Corpse Rot               Necr/Pois/Air  Unusable   N/A       N/A         4
 Blade Hands              Tmut           Unusable   N/A       N/A         5

Dungeon Overview and Level Annotations

Branches:
Dungeon (15/15)            Temple (1/1) D:5            Lair (5/5) D:8
 Shoals (0/4) Lair:2        Snake (4/4) Lair:3        Slime (0/5) Lair:4
    Orc (2/2) D:12            Elf (0/3) Orc:2        Vaults (0/5) D:14
 Depths (0/4) D:15          IceCv (visited)         Volcano (visited)

Altars:
Ashenzari
Cheibriados
Dithmenos
Fedhas
Gozag
Hepliaklqana
Kikubaaqudgha
Makhleb
Nemelex Xobeh
Okawaru
Qazlal
Ru
Sif Muna
Trog
Uskayaw
Vehumet
Wu Jian
Xom
Yredelemnul
Jiyva

Shops:
D:8 =   D:14 =   Orc:2 ([:*   Snake:1 =::   Snake:2 *:(*   Snake:3 *

Annotations:
D:13 1 runed translucent door, Rabbukhaa's ghost, journeyman DECj
Snake:3 1 runed translucent door, Arruroer's ghost, journeyman MiAK


Innate Abilities, Weirdness & Mutations

You are immune to poison.
Your flesh is cold resistant. (rC+)
You are immune to negative energy. (rN+++)
You are immune to unholy pain and torment.
You are vulnerable to heat. (rF-)
You are strongly in touch with the powers of death.
You do not drink.


Message History

The nagaraja is distracted by your dazzling golden aura.
The nagaraja constricts you. The naga warrior spits poison at you.
The splash of poison reflects off an invisible shield around you!
The splash of poison hits the naga warrior.
The salamander hits you from afar with a +0 halberd!!
* * * LOW HITPOINT WARNING * * *
You are engulfed in flames.
You resist.
* * * LOW HITPOINT WARNING * * *
The nagaraja shouts! [a] - 192 gold - heal wounds and curing [b] - 667 gold - heal wounds, magic and resistance [c] - 900 gold - resistance, might, heal wounds, curing and magic Purchase which effect?
You feel much better.
You feel better. The nagaraja constricts you.
* * * LOW HITPOINT WARNING * * *
You block the naga warrior's attack.
The salamander hits you from afar with a +0 halberd.
* * * LOW HITPOINT WARNING * * *
You are engulfed in flames.
You resist.
* * * LOW HITPOINT WARNING * * *
You hit the naga warrior. You burn the naga warrior.
The naga warrior is almost dead.
The nagaraja is no longer distracted by gold.
The guardian serpent is no longer distracted by gold.
The nagaraja gestures at you while chanting.
You resist with almost no effort. The nagaraja constricts you.
The naga warrior hits you with a +0 battleaxe!
* * * LOW HITPOINT WARNING * * *
The naga warrior closely misses your butterfly. x2 [a] - 336 gold - haste and brilliance [b] - 420 gold - haste and brilliance [c] - 484 gold - resistance, brilliance and magic Purchase which effect?
You feel yourself speed up.
You feel clever all of a sudden.
The nagaraja no longer looks unusually strong.
The salamander hits you from afar with a +0 halberd!!
You die...
Your body crumbles into a pile of gold.

# #.##..≈≈≈## #
#.###..§≈§## # #.#
##..≈≈§### # #.#
##..§§≈≈###### # # #.#
##...≈≈≈≈≈≈≈≈ ## # #.#
##.$≈bb≈≈§≈≈ ##. # #.#
#$.N.$§≈§≈§ #.. ######.#
#.$$b..≈§≈≈ #.. .......#
#..@N..§≈§S #.. #.###.##
####..N$...≈§. $ #.. #.#
#.# ##..#......≈§≈≈ ###
..# #.# ##...####$#§≈§§≈
#### ..###.# #...<.#
..≈§§≈§ #.## ..##..#
#.....## ..≈§§§§ ##.##
.###..# #......##...≈§§≈
##....
.###<.###.......##......
##...##
.................##
##..####


You could see a nagaraja (fast), a naga warrior (catching breath, ally target)
and a salamander (strong, ally target).

Vanquished Creatures
  2 nagarajas
  Aizul (Snake:4)
  2 orc warlords
  A dire elephant (D:15)
  A minotaur (Lair:1)
  A vault guard (D:14)
  A salamander tyrant (Snake:1)
  4 hydras
  5 boulder beetles
  4 two-headed ogres
  6 centaur warriors
  11 anacondas
  12 naga warriors
  The ghost of Ekoynunot the Thaumaturge, a journeyman DjCj of Makhleb (Lair:1)
  11 death yaks
  Urug (D:12)
  A tengu warrior (D:13)
  2 orc high priests (Orc:2)
  3 shock serpents
  Nergalle (Orc:1)
  14 naga sharpshooters
  Amaemon (D:8)
  8 salamander mystics
  A deep troll (D:14)
  An iron troll (D:14)
  6 naga ritualists
  A deep elf archer (Volcano)
  A phantasmal warrior (D:14)
  5 lindwurms
  19 mana vipers
  6 orc knights
  7 orc sorcerers
  13 ugly things
  9 deep elf pyromancers
  2 wolf spiders
  4 cyclopes
  Maurice (Orc:1)
  4 elephants
  3 manticores
  19 salamanders
  3 merfolk sirens (Lair:2)
  An orange demon (D:8)
  19 naga magi
  44 black mambas
  2 gargoyles (D:12)
  17 cane toads
  4 rime drakes
  An efreet (D:14)
  A freezing wraith (D:15)
  3 kobold demonologists (D:11)
  3 trolls
  13 komodo dragons
  A merfolk (Lair:2)
  2 polar bears
  3 meliai (D:15)
  A hornet (Lair:5)
  9 blink frogs
  3 slime creatures (D:14)
  A vampire (D:11)
  4 spriggans (Lair:4)
  5 wraiths
  A centaur simulacrum (D:15)
  47 yaks
  18 wyverns
  A shadow (D:11)
  4 fire elementals (Volcano)
  2 redbacks (Lair:5)
  4 basilisks
  18 vampire mosquitoes
  Menkaure (D:7)
  43 nagas
  8 wargs
  An acid dragon (D:8)
  7 hell hounds (Volcano)
  18 water moccasins
  Duvessa (D:5)
  2 black bears
  A swamp drake (D:12)
  36 orc warriors
  3 ogres
  11 wolves
  9 centaurs
  A phantom (D:4)
  5 kobold brigands
  Blork the orc (D:5)
  13 bullfrogs
  2 necrophages
  2 gnoll sergeants (D:10)
  6 scorpions
  3 wights (D:7)
  Dowan (D:5)
  12 killer bees (D:9)
  9 electric eels
  A howler monkey (D:12)
  A lava snake (Snake:1)
  2 jellies (Lair:4)
  13 orc priests
  3 hounds
  Crazy Yiuf (D:3)
  Jessica (D:3)
  An iguana (D:4)
  Ijyb (D:3)
  Terence (D:3)
  14 orc wizards
  2 polar bear simulacra (IceCv)
  12 adders
  14 gnolls
  3 dart slugs
  62 orcs
  10 endoplasms
  4 giant cockroaches
  4 goblins
  6 hobgoblins
  3 jackals (D:1)
  3 quokkas (D:2)
  14 ball pythons
  8 bats
  4 frilled lizards (D:1)
  15 kobolds
  5 rats
835 creatures vanquished.

Vanquished Creatures (collateral kills)
  2 death yaks (Lair:1)
  A shock serpent (Snake:2)
  A wolf spider (Lair:5)
  3 black mambas
  2 guardian serpents
  A cane toad (Lair:5)
  A hornet (Lair:5)
  A wyvern (D:8)
  A water moccasin (Lair:5)
  A wolf (Lair:1)
  A centaur (D:8)
  A gnoll (D:8)
  4 orcs (D:8)
20 creatures vanquished.

Vanquished Creatures (others)
  A salamander mystic (Snake:1)
  A shining eye (shapeshifter) (D:14)
  A hell hound (Volcano)
  58 fungi
  81 plants
  5 withered plants (D:8)
147 creatures vanquished.

Grand Total: 1002 creatures vanquished

Notes
Turn   | Place    | Note
-------+----------+-------------------------------------------
     0 | D:1      | concernfroge the Mummy Monk began the quest for the Orb.
     0 | D:1      | Reached XP level 1. HP: 18/18 MP: 1/1
   507 | D:1      | Reached XP level 2. HP: 24/24 MP: 2/2
  1030 | D:1      | Gained mutation: You are in touch with the powers of death.
                  | [Mummy growth]
  1030 | D:1      | Reached XP level 3. HP: 29/30 MP: 3/3
  1113 | D:1      | Found a faded altar of an unknown god.
  2029 | D:2      | Reached XP level 4. HP: 36/38 MP: 4/4
  2065 | D:2      | Reached skill level 5 in Fighting
  2584 | D:3      | Noticed Terence
  2606 | D:3      | Killed Terence
  2878 | D:3      | Reached XP level 5. HP: 46/46 MP: 5/5
  3064 | D:3      | Found an iron altar of Okawaru.
  3065 | D:3      | Found a shimmering blue altar of Sif Muna.
  3065 | D:3      | Noticed Ijyb
  3066 | D:3      | Identified a scroll of acquirement
  3066 | D:3      | Acquired 1064 gold pieces
  3079 | D:3      | Killed Ijyb
  3276 | D:3      | Noticed Jessica
  3291 | D:3      | Killed Jessica
  3451 | D:3      | Found a runed translucent door.
  3452 | D:3      | Noticed Crazy Yiuf
  3864 | D:4      | Noticed a phantom
  3918 | D:4      | Killed a phantom
  3919 | D:4      | Reached XP level 6. HP: 37/55 MP: 6/6
  4316 | D:4      | Found a sacrificial altar of Ru.
  4317 | D:4      | Found a shimmering altar of Xom.
  4317 | D:4      | Found a shadowy altar of Dithmenos.
  4323 | D:4      | Found a blossoming altar of Fedhas.
  4324 | D:4      | Found a bloodstained altar of Trog.
  4381 | D:4      | Reached XP level 7. HP: 41/62 MP: 7/7
  5028 | D:5      | Entered Level 5 of the Dungeon
  5167 | D:5      | Acquired the +1 pair of gloves "Xuozaq" {Dex+7}
  5226 | D:5      | Found a basalt altar of Yredelemnul.
  5344 | D:5      | Noticed Duvessa
  5344 | D:5      | Noticed Dowan
  5362 | D:5      | Killed Duvessa
  5366 | D:5      | Killed Dowan
  5471 | D:5      | Reached XP level 8. HP: 42/72 MP: 8/8
  5690 | D:5      | Found a staircase to the Ecumenical Temple.
  5699 | Temple   | Entered the Ecumenical Temple
  5939 | Temple   | Became a worshipper of Gozag Ym Sagoz the Greedy
  6242 | D:5      | Noticed Blork the orc
  6255 | D:5      | Killed Blork the orc
  6256 | D:5      | Reached skill level 10 in Fighting
  6455 | D:5      | Found a sparkling altar of Nemelex Xobeh.
  7487 | D:6      | Reached skill level 5 in Polearms
  8385 | D:7      | Identified the ring of Hughyusm {rPois rF+ AC+4}
  8406 | D:7      | Reached XP level 9. HP: 72/78 MP: 9/9
  8441 | D:7      | Noticed Menkaure
  8458 | D:7      | Killed Menkaure
  9202 | D:8      | Found an ancient bone altar of Kikubaaqudgha.
 10040 | D:8      | Identified the +4 spear of Sunlight {vorpal, Dex+6}
 10650 | D:8      | Noticed Amaemon
 10650 | D:8      | Noticed an orange demon
 10674 | D:8      | Killed an orange demon
 10684 | D:8      | Killed Amaemon
 10685 | D:8      | Reached XP level 10. HP: 85/85 MP: 10/10
 10924 | D:8      | Found a staircase to the Lair.
 10940 | D:8      | Reached skill level 10 in Polearms
 11068 | D:8      | Bought the ring "Xamicsi" {rElec rCorr MP+9} for 514 gold
                  | pieces
 11126 | D:8      | Upgraded the game from 0.29-a0-887-gcbe080d7e0 to
                  | 0.29-a0-892-g2c4c91d9db
 11133 | Lair:1   | Entered Level 1 of the Lair of Beasts
 11149 | Lair:1   | Noticed a cane toad
 11151 | Lair:1   | Noticed a cane toad
 11181 | Lair:1   | Killed a cane toad
 11190 | Lair:1   | Killed a cane toad
 11221 | Lair:1   | Found a dark tunnel.
 11294 | Volcano  | Entered a volcano
 11586 | Volcano  | Noticed a deep elf pyromancer
 11587 | Volcano  | Noticed a deep elf pyromancer
 11588 | Volcano  | Noticed a deep elf pyromancer
 11614 | Volcano  | Noticed a deep elf pyromancer
 11617 | Volcano  | Killed a deep elf pyromancer
 11628 | Volcano  | Killed a deep elf pyromancer
 11639 | Volcano  | Reached XP level 11. HP: 76/90 MP: 11/11
 11648 | Volcano  | Killed a deep elf pyromancer
 11665 | Volcano  | Killed a deep elf pyromancer
 11670 | Volcano  | Noticed a deep elf pyromancer
 11764 | Volcano  | Noticed a deep elf pyromancer
 11783 | Volcano  | Killed a deep elf pyromancer
 11837 | Volcano  | Noticed a deep elf archer
 11837 | Volcano  | Noticed a deep elf pyromancer
 11849 | Volcano  | Killed a deep elf pyromancer
 11860 | Volcano  | Killed a deep elf archer
 11987 | Volcano  | Noticed a deep elf pyromancer
 11994 | Volcano  | Killed a deep elf pyromancer
 12003 | Volcano  | Killed a deep elf pyromancer
 12605 | Lair:1   | Noticed a death yak
 12605 | Lair:1   | Noticed a death yak
 12620 | Lair:1   | Noticed a death yak
 12664 | Lair:2   | Found a frozen archway.
 12676 | Lair:2   | Reached skill level 1 in Armour
 12683 | IceCv    | Entered an ice cave
 12683 | IceCv    | Noticed a white ugly thing
 12702 | IceCv    | Killed a white ugly thing
 12718 | IceCv    | Found a transporter.
 12734 | IceCv    | Noticed a white ugly thing
 12744 | IceCv    | Found a transporter.
 13435 | Lair:2   | Acquired 1045 gold pieces
 13558 | Lair:1   | Noticed Ekoynunot's ghost (journeyman DjCj)
 13560 | Lair:1   | Noticed a minotaur
 13579 | Lair:1   | Reached skill level 5 in Armour
 13684 | Lair:1   | Reached XP level 12. HP: 83/97 MP: 12/12
 14403 | Lair:2   | Found a staircase to the Shoals.
 14625 | Lair:3   | Found a staircase to the Snake Pit.
 14961 | Lair:3   | Noticed a death yak
 14961 | Lair:3   | Noticed a death yak
 14968 | Lair:3   | Noticed a death yak
 14969 | Lair:3   | Noticed a death yak
 14971 | Lair:3   | Noticed a death yak
 15005 | Lair:3   | Killed a death yak
 15027 | Lair:3   | Killed a death yak
 15053 | Lair:3   | Killed a death yak
 15057 | Lair:3   | Killed a death yak
 15076 | Lair:3   | Killed a death yak
 16031 | Lair:4   | Noticed an eight-headed hydra
 16043 | Lair:4   | Killed an eight-headed hydra
 16272 | Lair:4   | Found a viscous altar of Jiyva.
 16273 | Lair:4   | Found a staircase to the Slime Pits.
 16745 | Lair:4   | Reached skill level 10 in Armour
 17765 | Lair:4   | Gained mutation: You are strongly in touch with the powers
                  | of death. [Mummy growth]
 17765 | Lair:4   | Reached XP level 13. HP: 57/103 MP: 13/13
 18284 | Lair:5   | Entered Level 5 of the Lair of Beasts
 18337 | Lair:5   | Reached skill level 5 in Dodging
 21817 | Lair:5   | Reached skill level 10 in Dodging
 21847 | Lair:5   | Reached skill level 1 in Shields
 21889 | Lair:5   | Reached XP level 14. HP: 47/110 MP: 14/14
 23031 | Lair:1   | Found a runed translucent gate.
 23031 | Lair:1   | Found a runed translucent gate.
 23031 | Lair:1   | Found a runed translucent gate.
 23449 | D:3      | Killed Crazy Yiuf
 24395 | D:10     | Entered Level 10 of the Dungeon
 24441 | D:10     | Reached skill level 5 in Shields
 25527 | D:11     | Found a gate leading to a gauntlet.
 26491 | D:12     | Noticed Urug
 26499 | D:12     | Killed Urug
 26992 | D:12     | Identified the +2 animal skin "Fyxa" {Dex+4}
 27151 | D:12     | Found a staircase to the Orcish Mines.
 28510 | D:13     | Found a runed translucent door.
 28511 | D:13     | Noticed Rabbukhaa's ghost (journeyman DECj)
 29581 | D:14     | Reached skill level 10 in Shields
 29674 | D:14     | Reached XP level 15. HP: 115/115 MP: 15/15
 29736 | D:14     | Found a gate to the Vaults.
 29846 | D:14     | Identified the +0 ring mail of the Decaying God {Rampage
                  | Int-2 Dex+4 Stlth+}
 30543 | Lair:1   | Killed Ekoynunot's ghost
 30594 | Lair:1   | Acquired the +2 shield of Resistance {rF++ rC++ Will++}
 30594 | Lair:1   | Found the +2 shield of Resistance {rF++ rC++ Will++}
 30811 | D:14     | Bought an amulet of reflection for 420 gold pieces
 30843 | D:15     | Entered Level 15 of the Dungeon
 32302 | D:15     | Found a staircase to the Depths.
 32955 | Orc:1    | Entered Level 1 of the Orcish Mines
 32955 | Orc:1    | Noticed Maurice
 32955 | Orc:1    | Noticed Nergalle
 32955 | Orc:1    | Noticed an orc warlord
 32970 | Orc:1    | Killed Nergalle
 32988 | Orc:1    | Killed an orc warlord
 33217 | Orc:1    | Killed Maurice
 33381 | Orc:2    | Entered Level 2 of the Orcish Mines
 33437 | Orc:2    | Found Kyequp's General Store.
 33623 | Orc:2    | Found Uciotuar's Antique Armour Shop.
 33783 | Orc:2    | Found Nogofaf's Antique Weapon Boutique.
 33884 | Orc:2    | Noticed an orc warlord
 33905 | Orc:2    | Killed an orc warlord
 34246 | Orc:2    | Found Heophax's Book Shop.
 34385 | Orc:2    | Found a staircase to the Elven Halls.
 34719 | Orc:2    | Learned a level 4 spell: Dispel Undead
 34757 | Orc:2    | Bought a lightning rod (4/4) for 360 gold pieces
 34966 | Snake:1  | Entered Level 1 of the Snake Pit
 35000 | Snake:1  | Reached skill level 1 in Evocations
 35016 | Snake:1  | Found Ygro Noy's Book Boutique.
 35039 | Snake:1  | Found Oza Kurei's Jewellery Emporium.
 35040 | Snake:1  | Found Ywolatea's Book Boutique.
 35749 | Snake:1  | Reached XP level 16. HP: 123/125 MP: 16/16
 36013 | Snake:2  | Reached skill level 5 in Evocations
 36160 | Snake:2  | HP: 4/125 [naga warrior/+0 hand axe (21)]
 36175 | Snake:2  | HP: 5/125 [shock serpent/bolt of electricity (5)]
 37287 | Snake:2  | You fall into a shaft and drop 1 floor!
 37629 | Snake:3  | Found a runed translucent door.
 38635 | Snake:3  | Reached skill level 10 in Evocations
 39317 | Snake:3  | Found Qash's General Store.
 39319 | Snake:3  | Found Omugh's Specific Store.
 39323 | Snake:3  | Bought a scroll of poison for 64 gold pieces
 39327 | Snake:3  | Bought a scroll of magic mapping for 120 gold pieces
 39655 | Snake:3  | Noticed Arruroer's ghost (journeyman MiAK)
 39726 | Snake:2  | Found Romimif's Book Shoppe.
 39728 | Snake:2  | Found Cigy's General Store.
 39728 | Snake:2  | Found Lauddus's Assorted Antiques.
 39731 | Snake:2  | Found Nuhyfih's Weapon Emporium.
 39736 | Snake:2  | Bought a scroll of magic mapping for 127 gold pieces
 39736 | Snake:2  | Bought a scroll of summoning for 161 gold pieces
 40079 | Snake:4  | Entered Level 4 of the Snake Pit
 41038 | Snake:4  | Reached XP level 17. HP: 135/135 MP: 17/17
 41584 | Snake:4  | Noticed Aizul
 41603 | Snake:4  | Killed Aizul
 41872 | Snake:4  | Identified the +5 ring mail of the Poles {Str+4}
 42224 | Snake:4  | Slain by a salamander

Illustrated notes

Levels and vault maps discovered:
D:1:      evilmike_arrival_rings, layout_rooms,
          dreamdust_ecumenical_altar_hidden_monk_grotto
D:2:      layout_loops_corners
D:3:      layout_loops_ring, mainiacjoe_overflow_divided_tiny,
          minmay_misc_feat_tower, grunt_ministairs_15, mrwooster_statue_mirror,
          minmay_misc_feat_cross, uniq_terence, uniq_jessica, uniq_ijyb,
          uniq_crazy_yiuf_cottage
D:4:      minmay_wonky_spiral, layout_basic, grunt_temple_overflow_open
D:5:      layout_rooms, old_standard_altar, lemuel_round_altar,
          lemuel_temple_firewalk_b, serial_corexii_hall, corexii_hall_statues_x,
          chequers_hall_statues_corner_a, corexii_hall_statues_x,
          corexii_hall_statues_x, grunt_decor_junction, nrook_loot_triangle,
          uniq_blork_the_orc, uniq_duvessa
D:6:      layout_loops_cross
D:7:      layout_loops_corners, lemuel_old_faithful, uniq_menkaure
D:8:      layout_basic, kiku_gazebo_garden_becter, erik_lair_dragon,
          uniq_amaemon
D:9:      layout_loops_ring
D:10:     layout_basic
D:11:     layout_layer_cave, gauntlet_entry_generic
D:12:     layout_roguey, erik_orc_1, uniq_urug
D:13:     layout_basic, ebering_ghost_inner_flame
D:14:     minmay_the_grid_triangle_9x9_recursive_2_mashed
          [minmay_the_grid_triangle_9x9_prize_top_heavy,
          minmay_the_grid_triangle_9x9_zippers_vertical,
          minmay_the_grid_triangle_9x9_empty,
          minmay_the_grid_triangle_9x9_alien], layout_basic, david_vaults_4,
          hangedman_abyss_or_decor_passed, chequers_serial_rivers_room_b
D:15:     hangedman_depths_entry_try_elsewhere_first, layout_gridville,
          grunt_decor_resistance
Temple:   minmay_temple_curvy_loop
Lair:1:   layout_regular_city, enter_volcano_2, maelrawn_ghost_gauntlet_escape
Lair:2:   layout_roguey, elwin_shoals_entry_stream,
          portal_ice_cave_entry_pillars_2, nicolae_quartered_pool_medium
Lair:3:   layout_cellular_growth, minmay_snake_entry_guardpost_small,
          beast_lair_carwin_3
Lair:4:   wad_woods_settlement, layout_regular_city,
          nicolae_slime_entry_slimehenge
Lair:5:   hangedman_lair_tendril_chambers, layout_cave_pods
Snake:1:  layout_misc_corridors, nicolae_snake_gridmaze_entwining,
          nicolae_snake_salamander_fort, minmay_shop_grove
Snake:2:  layout_onion, abandoned_shop, minmay_shoptagon
Snake:3:  layout_chambers, ebering_ghost_reflecting_pool, nicolae_specific_store
Snake:4:  snake_pit_salamanders_mu, layout_gridlike,
          nicolae_snake_mages_go_home, uniq_aizul
Orc:1:    layout_caves, uniq_erolcha, uniq_maurice, uniq_nergalle
Orc:2:    grunt_orc_gardens, layout_caves, grunt_orc_garden, grunt_orc_garden,
          grunt_orc_garden, grunt_orc_garden

Skill      XL: |  1  2  3  4  5  6  7  8  9 10 11 12 13 14 15 16 17 |
---------------+----------------------------------------------------+-----
Fighting       | 4 5 7 8 9 10 11 12 14 | 14.5
Polearms       | 6 9 12 13 14 | 14.0
Armour         | 5 10 | 10.7
Dodging        | 4 10 | 10.8
Shields        | 2 10 | 10.8
Evocations     | 4 10 | 10.0
Stealth        | |  1.5

Action                   |  1- 3 |  4- 6 |  7- 9 | 10-12 | 13-15 | 16-18 || total
-------------------------+-------+-------+-------+-------+-------+-------++-------
Melee: Spear             |   185 |   278 |   116 |   933 |  1500 |       ||  3012
       Punch             |     1 |     1 |     6 |       |       |       ||     8
       Glaive            |       |       |   180 |     5 |       |       ||   185
       Trident           |       |       |    38 |       |       |       ||    38
       Demon trident     |       |       |       |       |   946 |   929 ||  1875
Invok: Potion Petition   |       |       |     1 |     8 |     6 |    11 ||    26
       Call Merchant     |       |       |       |     1 |     1 |       ||     2
Evoke: Wand              |       |     4 |    26 |     7 |    33 |     4 ||    74
       Tin of tremorston |       |       |       |       |     4 |     2 ||     6
       Phial of floods   |       |       |       |       |     1 |       ||     1
  Use: Scroll            |       |    14 |    12 |    15 |    19 |     7 ||    67
 Stab: Sleeping          |     1 |       |       |     2 |     1 |       ||     4
       Distracted        |       |       |       |     9 |    25 |    10 ||    44
       Invisible         |       |       |       |       |     9 |       ||     9
       Fleeing           |       |       |       |       |     3 |       ||     3
Armor: Leather armour    |     3 |       |       |       |       |       ||     3
       Chain mail        |    82 |    35 |       |       |       |       ||   117
       Scale mail        |       |    74 |   159 |   297 |   497 |   118 ||  1145
Dodge: Dodged            |    56 |   108 |   163 |   215 |   705 |   209 ||  1456
Block: Kite shield       |       |       |       |   287 |   988 |   623 ||  1898
       Reflection        |       |       |       |       |    35 |   104 ||   139

Table legend: (Time is in decaauts)
 A = Elapsed time spent in this place.
 B = Non-inter-level travel time spent in this place.
 C = Inter-level travel time spent in this place.
 D = Time resting spent in this place.
 E = Time spent auto-exploring this place.
 F = Levels seen in this place.
 G = Mean time per level.
                   A        B        C        D        E       F      G
               +--------+--------+--------+--------+--------+-----+--------+
         Total |  41032 |  38170 |   2862 |   6005 |  24677 |  29 | 1414.9 |
       Dungeon |  20425 |  18807 |   1618 |   1797 |  13726 |  15 | 1361.7 |
        Temple |    269 |    230 |     39 |      0 |    225 |   1 |  269.0 |
          Lair |  10741 |   9856 |    885 |   2341 |   5356 |   5 | 2148.2 |
     Snake Pit |   6972 |   6747 |    225 |   1176 |   4181 |   4 | 1743.0 |
  Orcish Mines |   1566 |   1473 |     93 |      0 |   1160 |   2 |  783.0 |
      Ice Cave |     68 |     68 |      0 |      0 |      0 |   1 |   68.0 |
       Volcano |    987 |    987 |      0 |    691 |     29 |   1 |  987.0 |
               +--------+--------+--------+--------+--------+-----+--------+

Top non-repeatable levels by time:
  Lair:5: 3254 daAuts
  Lair:4: 2953 daAuts
 Snake:3: 2523 daAuts
    D:14: 2027 daAuts
     D:8: 1953 daAuts
  Lair:2: 1948 daAuts
 Snake:4: 1815 daAuts
    D:12: 1801 daAuts
     D:7: 1670 daAuts
 Snake:1: 1526 daAuts
    D:15: 1514 daAuts
     D:5: 1483 daAuts
     D:3: 1397 daAuts
   Orc:2: 1348 daAuts
  Lair:1: 1337 daAuts
